 Dungeon Crawl Stone Soup version 0.31.0-10-gcf4a605ca0 (webtiles) character file.

Game seed: 3457375804292589103

525 Daunt the Digger (level 7, -10/51 HPs)
             Began as a Gnoll Earth Elementalist on Jan 25, 2024.
             Mangled by an iguana (13 damage)
             ... on level 5 of the Dungeon.
             The game lasted 00:20:57 (2018 turns).

Daunt the Digger (Gnoll Earth Elementalist)         Turns: 2018, Time: 00:20:57

Health: -10/51     AC:  3    Str:  8    XL:     7   Next: 22%
Magic:  10/15      EV: 12    Int: 16    God:
Gold:   214        SH:  0    Dex: 12    Spells: 13/17 levels left

rFire   . . .        b - +0 shortbow
rCold   . . .        (shield currently unavailable)
rNeg    . . .        p - +0 robe
rPois   .            (no helmet)
rElec   .            k - +0 cloak {Stlth+}
rCorr   .            (no gloves)
SInv    .            (no boots)
Will    .....        (no amulet)
Stlth   ++++         s - +5 ring of evasion
HPRegen 0.28/turn    (no ring)
MPRegen 0.14/turn

%: no passive effects
@: about to teleport, held
A: fangs 1, strong nose, distributed training
a: no special abilities


You were on level 5 of the Dungeon.
You visited 1 branch of the dungeon, and saw 5 of its levels.

You collected 214 gold pieces.

Inventory:

Hand Weapons
 a - a +0 dagger of flaming
 b - a +0 shortbow (weapon)
 j - a +0 sling
Missiles
 l - 11 stones
 m - 9 poisoned darts
Armour
 k - a +0 cloak of stealth (worn)
 p - a +0 robe (worn)
Magical Staves
 u - a staff of death
Jewellery
 s - a +5 ring of evasion (left hand)
Talismans
 i - a talisman of death
Scrolls
 c - 2 scrolls of noise {unknown}
 e - a scroll of poison {unknown}
 f - 2 scrolls of amnesia {unknown}
 n - 2 scrolls of identify {unknown}
 o - 2 scrolls of teleportation
 r - a scroll of fear {unknown}
 v - a scroll of enchant armour {unknown}
Potions
 d - a potion of magic
 g - 3 potions of heal wounds {unknown}
 h - a potion of curing {unknown}
 q - 2 potions of mutation {unknown}
 t - 3 potions of attraction {unknown}


   Skills:
 + Level 2.4 Fighting
 + Level 2.4 Short Blades
 + Level 2.4 Long Blades
 + Level 2.4 Axes
 + Level 2.4 Maces & Flails
 + Level 2.4 Polearms
 + Level 2.4 Staves
 + Level 2.4 Ranged Weapons
 + Level 2.4 Throwing
 + Level 2.4 Armour
 + Level 5.2 Dodging
 + Level 4.9 Stealth
 + Level 2.4 Shields
 + Level 2.4 Unarmed Combat
 + Level 5.6 Spellcasting
 + Level 3.0 Conjurations
 + Level 2.0 Hexes
 + Level 2.0 Summonings
 + Level 2.0 Necromancy
 + Level 2.0 Translocations
 + Level 2.0 Fire Magic
 + Level 2.0 Ice Magic
 + Level 2.0 Air Magic
 + Level 5.8 Earth Magic
 + Level 2.0 Alchemy
 + Level 2.7 Invocations
 + Level 2.4 Evocations
 + Level 2.2 Shapeshifting


You had 13 spell levels left.
You knew the following spells:

 Your Spells              Type           Power      Damage    Failure   Level
a - Sandblast             Erth           46%        2d11      1%          1
p - Passwall              Erth           23%        N/A       3%          3

Your spell library contained the following spells:

 Spells                   Type           Power      Damage    Failure   Level
 Foxfire                  Conj/Fire      48%        2x1d6     4%          1
 Stone Arrow              Conj/Erth      36%        3d9       7%          3
 Ensorcelled Hibernation  Hex/Ice        22%        N/A       10%         2
 Swiftness                Air            11%        N/A       19%         3
 Brom's Barrelling Bould  Conj/Erth      18%        2d4       24%         4
 Petrify                  Alch/Erth      17%        N/A       28%         4
 Vhi's Electric Charge    Tloc/Air       22%        N/A       52%         4
 Arcjolt                  Conj/Air       6%         1d16      80%         5
 Plasma Beam              Fire/Air       5%         2x1d16    100%        6
 Starburst                Conj/Fire      6%         6d4       100%        6
 Maxwell's Capacitive Co  Air            5%         ∞         100%        8


Dungeon Overview and Level Annotations

Branches:
Dungeon (5/15)
 Temple: D:4-7

Altars:
Trog

Annotations:
D:2 Robin
D:3 1 transporter, Sigmund; yey's ghost, amateur DrAE
D:4 3 runed translucent doors, Biggs's ghost, amateur FeSh; Grinder; ggggg's ghost, amateur OnGl; michknight7's ghost, weakling GnDe


Innate Abilities, Weirdness & Mutations

You have very sharp teeth.
Your uncanny sense of smell can sniff out nearby items.
Your experience applies equally to all skills.


Message History

The orc priest is almost dead.
The orc priest hits you with a +0 hand axe.
The orc closely misses you. x2; The iguana misses you.
The orc priest hits you with a +0 hand axe.
Unknown command.
Unknown command.
Casting: Sandblast (safe; 1% risk of failure)
Confirm with . or Enter, or press ? or * to list all spells.
Aiming: Sandblast (safe; 1% risk of failure)
Press: ? - help, Shift-Dir - straight line, f/p - orc priest
Aim: an orc priest, wielding a +0 hand axe and wearing a +0 ring mail (almost dead, 85% to hit)
The blast of sand hits the orc priest but does no damage.
The orc priest is almost dead.
The iguana bites you!
* * * LOW HITPOINT WARNING * * *
The orc priest completely misses you. The orc completely misses you.
Unknown command.
Casting: Sandblast (safe; 1% risk of failure)
Confirm with . or Enter, or press ? or * to list all spells.
Aiming: Sandblast (safe; 1% risk of failure)
Press: ? - help, Shift-Dir - straight line, f/p - orc priest
Aim: an orc priest, wielding a +0 hand axe and wearing a +0 ring mail (almost dead, 85% to hit)
The blast of sand hits the orc priest.
You kill the orc priest!
The iguana hisses menacingly.
The iguana completely misses you. The orc barely misses you.
The ribbon worm bites you but does no damage.
The iguana misses you. The orc hits you with a +0 hand axe.
* * * LOW HITPOINT WARNING * * *
Your Conjurations skill increases to level 3!
Unknown command.
Unknown command.
As you read the scroll of teleportation, it crumbles to dust.
You feel strangely unstable.
The ribbon worm expels a string of sticky webbing.
The stream of webbing hits you but does no damage.
You are caught in a web!
The orc hits you with a +0 hand axe.
* * * LOW HITPOINT WARNING * * *
The iguana bites you!
You die...

.........................#
..........................#
...........................
...........................
...........................
...........................
...........................
.........w.................
.........)@................
.........lo................
...........................
o......).................>.
...........................
..o........................
...........................
...........................
.......................


You could see a ribbon worm (catching breath), an iguana and an orc.

Vanquished Creatures
  A phantom (D:4)
  A centaur zombie (D:4)
  3 orc priests (D:5)
  3 scorpion zombies (D:4)
  Natasha (D:3)
  2 iguanas
  An orc wizard (D:5)
  5 adders
  2 adder skeletons (D:4)
  2 ribbon worms (D:2)
  9 orcs
  9 ball pythons
  9 endoplasms
  4 giant cockroaches
  15 goblins
  10 hobgoblins
  3 jackals (D:2)
  6 kobolds
  3 bats
  5 frilled lizards
  5 rats
99 creatures vanquished.

Notes
Turn   | Place    | Note
-------+----------+-------------------------------------------
     0 | D:1      | Daunt the Gnoll Earth Elementalist began the quest for the
                  | Orb.
     0 | D:1      | Reached XP level 1. HP: 13/13 MP: 6/6
   126 | D:1      | Reached XP level 2. HP: 19/19 MP: 7/7
   406 | D:2      | Reached skill level 5 in Spellcasting
   406 | D:2      | Reached XP level 3. HP: 16/25 MP: 2/9
   516 | D:2      | Learned a level 3 spell: Passwall
   553 | D:1      | Reached skill level 1 in Invocations
   665 | D:1      | Reached skill level 1 in Fighting
   665 | D:1      | Reached skill level 1 in Short Blades
   665 | D:1      | Reached skill level 1 in Long Blades
   665 | D:1      | Reached skill level 1 in Axes
   665 | D:1      | Reached skill level 1 in Maces & Flails
   665 | D:1      | Reached skill level 1 in Polearms
   665 | D:1      | Reached skill level 1 in Staves
   665 | D:1      | Reached skill level 1 in Ranged Weapons
   665 | D:1      | Reached skill level 1 in Throwing
   665 | D:1      | Reached skill level 1 in Armour
   665 | D:1      | Reached skill level 1 in Shields
   665 | D:1      | Reached skill level 1 in Unarmed Combat
   665 | D:1      | Reached skill level 1 in Evocations
   823 | D:2      | Reached skill level 1 in Shapeshifting
   823 | D:2      | Reached XP level 4. HP: 31/32 MP: 6/11
  1013 | D:2      | Reached skill level 1 in Hexes
  1013 | D:2      | Reached skill level 1 in Summonings
  1013 | D:2      | Reached skill level 1 in Necromancy
  1013 | D:2      | Reached skill level 1 in Translocations
  1013 | D:2      | Reached skill level 1 in Fire Magic
  1013 | D:2      | Reached skill level 1 in Ice Magic
  1013 | D:2      | Reached skill level 1 in Air Magic
  1013 | D:2      | Reached skill level 1 in Alchemy
  1148 | D:3      | Found a bloodstained altar of Trog.
  1155 | D:3      | Noticed Natasha
  1159 | D:3      | Killed Natasha
  1168 | D:3      | Reached XP level 5. HP: 34/37 MP: 6/12
  1255 | D:3      | Noticed Robin
  1420 | D:3      | Found a faded altar of an unknown god.
  1421 | D:3      | Noticed Sigmund
  1486 | D:3      | Found a transporter.
  1488 | D:3      | Noticed yey's ghost (amateur DrAE)
  1588 | D:4      | Found a runed translucent gate.
  1589 | D:4      | Found a runed translucent gate.
  1590 | D:4      | Found a runed translucent gate.
  1591 | D:4      | Noticed Biggs's ghost (amateur FeSh)
  1591 | D:4      | Noticed michknight7's ghost (weakling GnDe)
  1592 | D:4      | Noticed ggggg's ghost (amateur OnGl)
  1655 | D:4      | Reached XP level 6. HP: 17/44 MP: 4/14
  1658 | D:4      | Reached skill level 5 in Dodging
  1735 | D:4      | Noticed Grinder
  1860 | D:5      | Entered Level 5 of the Dungeon
  1864 | D:5      | Reached XP level 7. HP: 50/50 MP: 15/15
  2018 | D:5      | Mangled by an iguana

Illustrated notes

Levels and vault maps discovered:
D:1:      minmay_arrival_nine_rooms, layout_basic, hangedman_decor_growths
D:2:      minmay_recursive_quarters, layout_basic
D:3:      layout_loops_cross, mainiacjoe_overflow_concentric_impassable,
          hellmonk_ecumenical_altar_slurped_away, gammafunk_ghost_mausoleum,
          minmay_box_of_dots, uniq_robin, uniq_natasha, uniq_sigmund
D:4:      layout_cave_pools, cheibrodos_sewer_entry_bend,
          gammafunk_ghost_cemetery, serial_undead, serial_undead_e,
          serial_undead_c, serial_undead_a, serial_undead_b, serial_undead_e,
          serial_undead_a, serial_undead_e, serial_undead_e, serial_undead_c,
          serial_undead_e, kennysheep_generic_room_11, uniq_grinder
D:5:      layout_layer_cave

Skill      XL: |  1  2  3  4  5  6  7 |
---------------+----------------------+-----
Conjurations   | 2 3 |  3.0
Spellcasting   | 5 |  5.6
Invocations    | 1 2 |  2.7
Fighting       | 1 2 |  2.4
Short Blades   | 1 2 |  2.4
Long Blades    | 1 2 |  2.4
Axes           | 1 2 |  2.4
Maces & Flails | 1 2 |  2.4
Polearms       | 1 2 |  2.4
Staves         | 1 2 |  2.4
Ranged Weapons | 1 2 |  2.4
Throwing       | 1 2 |  2.4
Armour         | 1 2 |  2.4
Shields        | 1 2 |  2.4
Unarmed Combat | 1 2 |  2.4
Evocations     | 1 2 |  2.4
Shapeshifting  | 1 2 |  2.2
Hexes          | 1 2 |  2.0
Summonings     | 1 2 |  2.0
Necromancy     | 1 2 |  2.0
Translocations | 1 2 |  2.0
Fire Magic     | 1 2 |  2.0
Ice Magic      | 1 2 |  2.0
Air Magic      | 1 2 |  2.0
Alchemy        | 1 2 |  2.0
Dodging        | 5 |  5.2
Stealth        | |  4.9
Earth Magic    | |  5.8

Action                     |  1- 3 |  4- 6 |  7- 9 || total
---------------------------+-------+-------+-------++-------
  Melee: Dagger            |       |     2 |     3 ||     5
   Fire: Sling             |    13 |       |       ||    13
         Shortbow          |    34 |    67 |    12 ||   113
   Cast: Sandblast         |    38 |    65 |    12 ||   115
         Passwall          |     3 |     5 |       ||     8
    Use: Scroll            |       |     1 |     1 ||     2
   Stab: Sleeping          |       |     2 |     1 ||     3
 Armour: Robe              |    19 |    22 |    13 ||    54
  Dodge: Dodged            |    12 |    35 |    15 ||    62
